[Event "*** SCC Grand Prix: Titled Tuesday Blitz"]
[Site "Chess.com"]
[Date "2020.09.29"]
[Round "6"]
[White "zajka-molotok"]
[Black "Ermito2020"]
[Result "1/2-1/2"]
[WhiteElo "2498"]
[BlackElo "2673"]
[TimeControl "180+1"]
[EndTime "11:06:46 PDT"]
[Termination "Game drawn - insufficient material"]

1. d4 e6 2. c4 f5 3. Nc3 Nf6 4. g3 Be7 5. Bg2 O-O 6. Nf3 d5 7. O-O c6 8. b3 Ne4 9. Nxe4 fxe4 10. Ne5 Nd7 11. Bf4 Bf6 12. f3 exf3 13. exf3 Nxe5 14. Bxe5 Bxe5 15. dxe5 Bd7 16. f4 Be8 17. Qg4 Qe7 18.
Bh3 Bf7 19. cxd5 cxd5 20. Rac1 Rae8 21. Rf2 Bg6 22. Qd1 Be4 23. Qd4 b6 24. Bg2 Bf5 25. Rc3 Rc8 26. Rf1 Rxc3 27. Qxc3 Qc5+ 28. Qxc5 bxc5 29. Rc1 Rc8 30. Kf2 Kf7 31. Ke3 Ke7 32. Bf3 a5 33. g4 Bg6 34. f5 exf5 35. gxf5 Bxf5 36. Bxd5 g5 37. Rf1 Bg6 38. Rf6 Rd8 39. Bc4 Rd4 40. Re6+ Kd7 41. Ra6 Re4+ 42. Kf3 Rxe5 43.
Rxa5 h5 44. Ra7+ Kd8 45. a4 Be4+ 46. Kf2 Re7 47. Ra5 Rc7 48. Ra6 g4 49. Rh6 Rh7 50. Re6 Bc2 51. a5 Kc7 52. a6 Kb8 53. Re8+ Ka7 54.
Rg8 Be4 55. Rg5 Kb6 56. Re5 Bc6 57. Re6 Rc7 58. Rh6 Ka5 59. Kg3 Bb5 60. Rxh5 Bxc4 61. bxc4 Kxa6 62. Kxg4 Ka5 63. Rh4 Kb4 64. Kf5 Rf7+ 65.
Kg6 Rf2 66. h3 Rc2 67. Rg4 Rxc4 68. Rxc4+ Kxc4 69. h4 Kd3 70. h5 c4 71. h6 c3 72.
h7 c2 73. h8=Q c1=Q 74. Qd8+ Ke2 75. Qe7+ Kd3 76. Qd6+ Ke2 77. Qe5+ Kd3 78. Qd5+ Ke2 79. Qe4+ Kf2 80. Qf5+ Ke2 81. Qe4+ Qe3 82. Qxe3+ Kxe3 1/2-1/2

[Event "*** SCC Grand Prix: Titled Tuesday Blitz"]
[Site "Chess.com"]
[Date "2020.09.29"]
[Round "6"]
[White "TheMagnet"]
[Black "Oligan22"]
[Result "0-1"]
[WhiteElo "2570"]
[BlackElo "2419"]
[TimeControl "180+1"]
[EndTime "11:06:46 PDT"]
[Termination "Oligan22 won by checkmate"]

1. d4 d5 2. c4 dxc4 3. Nf3 a6 4. e3 b5 5. a4 Bb7 6. b3 e6 7. axb5 axb5 8. Rxa8 Bxa8 9. bxc4 bxc4 10. Bxc4 Nd7 11. O-O Ngf6 12. Ba3 Bxa3 13. Nxa3 O-O 14. Be2 c5 15.
Nc4 cxd4 16. Nxd4 Nc5 17. Bf3 Nfe4 18. Nb5 Bd5 19. Qc2 Qg5 20. Rd1 Nc3 21. h4 Qxh4 22. Qxc3 Qxc4 23. Qxc4 Bxc4 24. Nd6 Bb3 25. Rc1 Nd7 26.
Rc7 Ne5 27. Bh5 g6 28. Be2 g5 29. f4 gxf4 30. exf4 Ng6 31. g3 Bd5 32. Kf2 Kg7 33. Bd3 Kf6 34. Be4 Bxe4 35. Nxe4+ Kg7 36. Ng5 Kf6 37.
Nxh7+ Kg7 38. Nxf8 Nxf8 39. Kf3 Kf6 40. g4 Ng6 41.
Ke4 Kg7 42. Ra7 Kf6 43. Ra6 Kg7 44. Rb6 Kf6 45. f5 Ne7 46. fxe6 fxe6 47. Ra6 Ng6 48. Ra5 Ne7 49. Kf3 Ng6 50. Kg3 Ne7 51. Kh4 Ng6+ 52. Kh5 Ne7 53. g5+ Kf7 54. Ra7 e5 55. g6+ Kf6 56.
Kh6 Nf5+ 57. Kh7 e4 58. Rf7+ Kg5 59. Rxf5+ Kxf5 60. g7 e3 61. g8=N e2 62. Nh6+ Kf4 63.
Nf7 e1=Q 64. Ng5 Qe5 65. Nh3+ Kg3 66. Ng5 Qxg5 67. Kh8 Kf4 68. Kh7 Kf5 69. Kh8 Kf6 70. Kh7 Qg7# 0-1

[Event "*** SCC Grand Prix: Titled Tuesday Blitz"]
[Site "Chess.com"]
[Date "2020.09.29"]
[Round "6"]
[White "guillembaches"]
[Black "Unknown_IM"]
[Result "1/2-1/2"]
[WhiteElo "2415"]
[BlackElo "2313"]
[TimeControl "180+1"]
[EndTime "11:06:46 PDT"]
[Termination "Game drawn - insufficient material"]

1. e4 e5 2. Nf3 Nc6 3. Nc3 Nf6 4. d4 exd4 5. Nxd4 Bb4 6. Nxc6 bxc6 7. Bd3 d5 8. Bd2 O-O 9. O-O Rb8 10. Re1 Bg4 11. f3 Be6 12. e5 Nd7 13. f4 Bc5+ 14. Kh1 f5 15. b3 Qh4 16. Qf3 Bd4 17. Rab1 Nc5 18.
Ne2 Ne4 19. Bxe4 fxe4 20. Qg3 Bf2 21. Qxh4 Bxh4 22. g3 Be7 23. Be3 Bg4 24. Kg1 c5 25.
c3 Rfd8 26. Rbd1 d4 27. cxd4 cxd4 28. Rxd4 Rxd4 29. Nxd4 Bb4 30. Rc1 c5 31. Nc6 Rb7 32. Nxb4 cxb4 33. Rc4 Bf3 34. Rc8+ Kf7 35. Ra8 Ke6 36.
Rxa7 Rxa7 37. Bxa7 Kd5 38. Kf2 Bd1 39. Bb8 Bc2 40.
Ke3 Bb1 41. Bd6 Bxa2 42. Bxb4 Bxb3 43. g4 Bd1 44. h3 h5 45. gxh5 Bxh5 46. Bc3 Bf7 47. e6 Bxe6 48. Bxg7 Bxh3 49. Bh6 Bf5 50. Bg5 Kc4 51. Bh4 Kc3 52. Bg5 Kc4 53. Bh4 Kb3 54. Bg5 Kc2 55. Kd4 Kd1 56. Ke5 Bg6 57. Kf6 Bh7 58. Kg7 Bf5 59. Kf6 Bg4 60. Ke5 e3 61. f5 Ke2 62. Bxe3 Bxf5 1/2-1/2

[Event "*** SCC Grand Prix: Titled Tuesday Blitz"]
[Site "Chess.com"]
[Date "2020.09.29"]
[Round "6"]
[White "Xeniya2005"]
[Black "kidagent"]
[Result "0-1"]
[WhiteElo "2373"]
[BlackElo "2300"]
[TimeControl "180+1"]
[EndTime "11:06:46 PDT"]
[Termination "kidagent won on time"]

1. e4 c5 2. Be2 Nc6 3. f4 e6 4.
Nf3 d5 5. d3 dxe4 6. dxe4 Qxd1+ 7. Bxd1 Bd7 8. Be3 O-O-O 9. c3 h6 10. Bc2 Nf6 11. Nbd2 Be7 12. O-O-O b6 13. h3 Kb7 14. Nc4 Bc8 15. Nce5 Nxe5 16. Nxe5 Rhf8 17. Ba4 Kc7 18. Nc6 Bd7 19. Nxe7 Bxa4 20. b3 Bd7 21. e5 Ne4 22.
f5 Rfe8 23. fxe6 Bxe6 24. Rxd8 Rxd8 25. c4 Rd7 26. Nd5+ Bxd5 27. cxd5 Rxd5 28. Rf1 Rd7 29. Rf4 Nc3 30. Rf2 Nd5 31. Bd2 Kc6 32. g4 Re7 33. Re2 Nc7 34. Kd1 Kd5 35. Bc3 Ne6 36. h4 Nd4 37. Rf2 Kxe5 38. g5 hxg5 39. hxg5 f5 40.
Kd2 g6 41. Re2+ Kd6 42. Rf2 Re4 43. Kd3 Rg4 44. Rh2 Rxg5 45. Rh7 Nc6 46. Bd2 Rg4 47. Ke2 Nd4+ 48. Kf2 a5 49. Rb7 Kc6 50. Rf7 Ne6 51. Be3 Re4 52. Rf6 g5 53. Bxg5 Kd5 54. Rxf5+ Kd4 55.
Bd2 Kd3 56. Rd5+ Nd4 57. Bg5 Kc2 0-1

[Event "*** SCC Grand Prix: Titled Tuesday Blitz"]
[Site "Chess.com"]
[Date "2020.09.29"]
[Round "6"]
[White "Gajuchess"]
[Black "antoszu"]
[Result "1-0"]
[WhiteElo "2810"]
[BlackElo "2601"]
[TimeControl "180+1"]
[EndTime "11:06:47 PDT"]
[Termination "Gajuchess won on time"]

1. b3 e5 2. Bb2 Nc6 3. e3 Nf6 4.
Nf3 e4 5. Nd4 Nxd4 6. Bxd4 d5 7.
Bb2 Be7 8. d3 exd3 9. Bxd3 O-O 10. Nd2 Bg4 11. Nf3 c5 12. h3 Bh5 13. c4 dxc4 14. Bxc4 Qc7 15. Qc2 b5 16. Be2 Bg6 17.
Qc3 a6 18. g4 Rfd8 19. g5 Ne8 20. Rg1 Bf8 21. Ne5 Nd6 22. Nxg6 hxg6 23. Qe5 c4 24. Kf1 Re8 25. Qd4 Nf5 26. Qc3 Qd7 27. Rd1 Qe6 28.
bxc4 Rac8 29. Rg4 b4 30. Qc2 Qc6 31. Kg1 Rcd8 32. Rf4 Bd6 33. Bf3 Qc7 34. Re4 Bf8 35. Rxe8 Rxe8 36. Qd3 Qe7 37. Kf1 Qxg5 38. Ke2 Nh4 39.
Bg4 Qa5 40. Qb3 Nf5 41. Rd5 Qc7 42. c5 Ne7 43. Re5 Qc6 44. Bf3 Qf6 45. c6 Rc8 46.
Rc5 Qd6 47. Rc2 a5 48. Qc4 Qc7 49. Bd4 Nf5 50. Bc5 Bxc5 51. Qxc5 Rd8 52. Rd2 Rxd2+ 53. Kxd2 Qd8+ 54. Qd5 Qc7 55. Qd7 Qh2 56. Ke1 Nh4 57. Be2 Ng2+ 58. Kd2 Qg1 59. Qd8+ 1-0

[Event "*** SCC Grand Prix: Titled Tuesday Blitz"]
[Site "Chess.com"]
[Date "2020.09.29"]
[Round "6"]
[White "MrChampion_Coach"]
[Black "FMJoseHerrera"]
[Result "0-1"]
[WhiteElo "2366"]
[BlackElo "2554"]
[TimeControl "180+1"]
[EndTime "11:06:47 PDT"]
[Termination "FMJoseHerrera won on time"]

1. d4 Nf6 2. c4 c5 3. d5 b5 4.
cxb5 a6 5. bxa6 g6 6. Nc3 Bg7 7. e4 O-O 8. e5 Ne8 9. h4 Bxe5 10.
h5 Qa5 11. Nf3 Bg7 12. hxg6 fxg6 13. Bh6 Bxa6 14. Qd2 Bxf1 15. Kxf1 Qa6+ 16. Kg1 Qf6 17. Re1 Bxh6 18. Qxh6 Qg7 19. Qxg7+ Nxg7 20. Rxe7 Re8 21. Rxe8+ Nxe8 22. Ne5 Nf6 23. Nc4 Na6 24. a3 Nc7 25. d6 Ne6 26. Rh3 Nd4 27. Re3 Nc6 28. Re2 Rb8 29.
f3 h5 30. Rd2 Kf7 31. Nd5 Nd4 32. Nc3 g5 33. Kf2 g4 34. Ne4 Nxe4+ 35. fxe4 Ke6 36. Ke3 h4 37. Rf2 h3 38. gxh3 gxh3 39. Rh2 Rb3+ 40. Kf4 Nb5 41. Kg4 Nxd6 42. Nxd6 Kxd6 43. Rxh3 Rxb2 44.
Rd3+ Ke6 45. Kf4 c4 46. Rc3 d5 47. Ke3 Ke5 48. exd5 Kxd5 49. Rc1 Rb3+ 50. Kd2 Rxa3 51. Rh1 Kc5 52. Kc2 Kb4 53. Rb1+ Kc5 54. Rh1 Rg3 55. Rh5+ Kb4 56. Rh4 Rg2+ 57. Kc1 Kb3 58. Rh8 Kc3 59. Rh3+ Kb4 60. Rf3 Rh2 61. Rg3 Rf2 62. Rh3 Re2 0-1

[Event "*** SCC Grand Prix: Titled Tuesday Blitz"]
[Site "Chess.com"]
[Date "2020.09.29"]
[Round "6"]
[White "OK97"]
[Black "maximnovik"]
[Result "0-1"]
[WhiteElo "2772"]
[BlackElo "2536"]
[TimeControl "180+1"]
[EndTime "11:06:49 PDT"]
[Termination "maximnovik won on time"]

1. d4 Nf6 2. c4 g6 3. Nc3 d5 4.
cxd5 Nxd5 5. Bd2 Bg7 6. e4 Nxc3 7. Bxc3 c5 8. d5 Bxc3+ 9. bxc3 e6 10. Nf3 exd5 11.
exd5 Qf6 12. Bb5+ Bd7 13. Bxd7+ Nxd7 14. O-O O-O 15. c4 Rfe8 16. Qd2 Re4 17. Qh6 Rxc4 18.
Rae1 Rd8 19. Ng5 Qg7 20. Qh3 Nf6 21. Re7 Rxd5 22. Rxf7 Qxf7 23. Nxf7 Kxf7 24. Qc8 Rd7 25. h3 b6 26. Re1 Rcd4 27. Kh2 Rd2 28. Kg1 Rd1 29.
Rxd1 Rxd1+ 30. Kh2 Rd7 31. Qc6 Re7 32. a4 Re6 33.
Qc7+ Re7 34. Qc6 Re6 35. Qc8 Re7 36. f3 h5 37. g4 hxg4 38. hxg4 Ne8 39. Qc6 Rc7 40.
Qd5+ Ke7 41. Kg3 c4 42. Qe4+ Kf7 43. Qd5+ Ke7 44. Qe5+ Kf7 45. Qf4+ Ke7 46. Qe4+ Kf7 47. Qf4+ Ke7 48. Qe3+ Kf7 49. Qc3 Rc5 50. f4 Nf6 51. Kf3 Nd5 52. Qh8 c3 53. Qh7+ Kf8 54. Qh8+ Ke7 55. Qg7+ Kd8 56. Qf8+ Kc7 57. Qf7+ Kc8 58. Qe8+ Kb7 59. Qf7+ Ka6 60. Qxg6 c2 0-1

[Event "*** SCC Grand Prix: Titled Tuesday Blitz"]
[Site "Chess.com"]
[Date "2020.09.29"]
[Round "6"]
[White "FairChess_on_YouTube"]
[Black "ENajer77"]
[Result "1/2-1/2"]
[WhiteElo "2928"]
[BlackElo "2712"]
[TimeControl "180+1"]
[EndTime "11:06:51 PDT"]
[Termination "Game drawn - insufficient material"]

1. d4 Nf6 2. Bg5 d5 3. Nd2 c5 4. dxc5 e6 5. e4 Bxc5 6. Qe2 Be7 7. O-O-O Nc6 8. f4 O-O 9. Ngf3 a5 10. e5 Nd7 11. h4 a4 12. a3 b5 13. Qxb5 Qc7 14. Bxe7 Nxe7 15. Qb4 Nf5 16. Bd3 Rb8 17. Qc3 Qxc3 18.
bxc3 Nc5 19. Bxf5 exf5 20. Nd4 Be6 21. Nc6 Rb6 22. Nb4 Rc8 23. Rh3 h6 24. Kb2 Ne4 25. Nxe4 dxe4 26. Rd4 Rb5 27. Re3 Rbc5 28. Rd6 Kh7 29. g3 Kg6 30. Ra6 Kh5 31. Rxa4 g5 32.
hxg5 hxg5 33. fxg5 Kxg5 34. Ra6 Rxe5 35. Nc6 Rb5+ 36.
Kc1 Rc5 37. Nd4 Rxc3 38. Kd2 Rxe3 39. Kxe3 Rc3+ 40. Kd2 Rxg3 41. a4 f4 42. Nxe6+ fxe6 43. Rxe6 Re3 44. a5 Kf5 45. Rh6 Ra3 46. a6 e3+ 47.
Ke2 Ke4 48. Re6+ Kf5 49. Rh6 Ra2 50. Kf3 Rxc2 51. Rh5+ Kg6 52. Re5 Rf2+ 53. Kg4 e2 54.
a7 Rg2+ 55. Kxf4 e1=Q 56. Rxe1 Ra2 57. Re7 Kf6 58. Rh7 Ke6 59. Ke4 Kd6 60. Kd4 Kc6 61. Kc4 Kb6 62. Rh2 Rxa7 63. Rh6+ Kc7 64. Rh7+ Kb6 65.
Rxa7 Kxa7 1/2-1/2

[Event "*** SCC Grand Prix: Titled Tuesday Blitz"]
[Site "Chess.com"]
[Date "2020.09.29"]
[Round "6"]
[White "Konavets"]
[Black "AlexOstrovskiy"]
[Result "1/2-1/2"]
[WhiteElo "2970"]
[BlackElo "2741"]
[TimeControl "180+1"]
[EndTime "11:06:52 PDT"]
[Termination "Game drawn - insufficient material"]

1. d4 Nf6 2. c4 e5 3. dxe5 Ng4 4. Bf4 Nc6 5. Nf3 Bb4+ 6. Nc3 Bxc3+ 7. bxc3 Qe7 8. Qd5 f6 9. exf6 Nxf6 10. Qd3 d6 11. g3 O-O 12. Bg2 Re8 13. Be3 Ng4 14.
Bg5 Qf7 15. c5 Nce5 16. Nxe5 Qxf2+ 17. Kd2 Nxe5 18. Bd5+ Be6 19. Bxe6+ Rxe6 20. Qd5 Re8 21. Be3 Nc4+ 22. Qxc4 Qxe3+ 23. Kc2 Qxe2+ 24. Qxe2 Rxe2+ 25. Kb3 dxc5 26. Rad1 b5 27. Rd5 c4+ 28. Kb4 c6 29.
Rd7 Rxa2 30. Rf1 a5+ 31. Kc5 Rxh2 32. Ra7 a4 33. Kxc6 Rh5 34. Rb1 Rg5 35. Rxb5 Rxg3 36. Rbb7 h6 37. Kd5 Rc8 38. Kd4 Rg4+ 39. Ke5 Re8+ 40. Kd5 Rd8+ 41. Kc5 h5 42. Rxa4 h4 43. Ra2 Rd3 44. Kb4 h3 45. Rb8+ Kh7 46. Raa8 Kg6 47. Rh8 Kg5 48. Ra5+ Kf4 49. Kxc4 Ke3+ 50. Kb3 Kd2 51.
Ra2+ Kc1 52. Rh2 Rgg3 53. Ra8 Rxc3+ 54. Kb4 Rb3+ 55. Kc4 Rgc3+ 56. Kd4 Rd3+ 57. Ke4 Re3+ 58. Kf4 Rf3+ 59. Kg4 Rg3+ 60. Kh4 g5+ 61. Kh5 Rg2 62. Rh1+ Kb2 63. Rha1 g4 64. Kh4 Rc3 65. R8a2+ Kb3 66. Ra3+ Kc4 67. Ra4+ Kd3 68. Rxg4 Rxg4+ 69. Kxg4 h2 70.
Rh1 Rc2 71. Kg3 Re2 72. Rxh2 Rxh2 73. Kxh2 1/2-1/2

[Event "*** SCC Grand Prix: Titled Tuesday Blitz"]
[Site "Chess.com"]
[Date "2020.09.29"]
[Round "6"]
[White "lider34"]
[Black "superchthonic"]
[Result "0-1"]
[WhiteElo "2404"]
[BlackElo "2579"]
[TimeControl "180+1"]
[EndTime "11:06:53 PDT"]
[Termination "superchthonic won on time"]

1. e4 c5 2. c3 d5 3. exd5 Qxd5 4.
d4 Nf6 5. Nf3 Bg4 6. Be2 e6 7.
h3 Bh5 8. O-O Nc6 9. Be3 cxd4 10.
Nxd4 Bxe2 11. Qxe2 Be7 12. Rd1 Nxd4 13. Bxd4 Qc6 14.
Nd2 O-O 15. Qc4 Qxc4 16. Nxc4 Rfc8 17. Ne5 b5 18. a4 b4 19. c4 b3 20. f3 Ne8 21. Bc3 f6 22. Ng4 Rxc4 23. Rd7 Kf8 24. Kf1 Nd6 25. Rd1 Nf5 26. Re1 e5 27. a5 Bc5 28.
Nf2 Rb8 29. Kg1 Rxc3 30. bxc3 b2 31. Rdd1 Nd6 32. Kf1 Bxf2 33. Kxf2 Nc4 34. Rb1 Rb3 35. a6 Rxc3 36. Red1 Rc2+ 37. Kg3 Ke7 38. Rd3 Nd2 39.
Rd1 b1=Q 40. Rxb1 Nxb1 41. Rb3 Nd2 42. Rb7+ Ke6 43. Rxa7 g5 44. Rxh7 Nf1+ 45. Kg4 Ne3+ 46. Kh5 Rxg2 47. a7 Ra2 48. Kg6 Nd5 49. Rb7 Nf4+ 50.
Kg7 Kf5 51. Rf7 Nd5 52. Rd7 Ke6 53. Rc7 f5 54. Rb7 e4 55. Kg6 exf3 56. Kxg5 f2 57.
Rb1 Rxa7 58. Rf1 Ra2 59. h4 Ne3 60. h5 Nxf1 61. h6 Ra8 62. h7 Nd2 63. h8=Q Rxh8 64. Kg6 Rg8+ 0-1

[Event "*** SCC Grand Prix: Titled Tuesday Blitz"]
[Site "Chess.com"]
[Date "2020.09.29"]
[Round "6"]
[White "profofchess"]
[Black "PetrolulSah"]
[Result "1/2-1/2"]
[WhiteElo "2366"]
[BlackElo "2202"]
[TimeControl "180+1"]
[EndTime "11:06:53 PDT"]
[Termination "Game drawn by repetition"]

1. e4 e5 2. Nf3 Nc6 3. Nc3 Nf6 4. Bb5 Nd4 5. Nxd4 exd4 6. Nd5 Nxd5 7. exd5 Qg5 8. Qf3 Bd6 9. O-O O-O 10. d3 Qe5 11. g3 Re8 12. Bd2 Re7 13. Rfe1 Qf6 14. Qxf6 gxf6 15.
Rxe7 Bxe7 16. Re1 Kf8 17. Bh6+ Ke8 18. Bf4 a6 19. Ba4 b5 20. Bxc7 bxa4 21. Bd6 Kf8 22. Rxe7 Kg7 23. c4 dxc3 24. bxc3 a5 25. c4 Ra6 26.
Bc5 d6 27. Bd4 Bf5 28. Rc7 Bxd3 29. Rc6 Rxc6 30. dxc6 Bxc4 31. c7 Be6 32. a3 d5 33.
f4 Kf8 34. Bxf6 Ke8 35. Be5 Ke7 36. Bc3 Kd7 37. Bxa5 Kc6 38. Kf2 Kb5 39. Bc3 Kc6 40.
Be5 Kc5 41. Ke3 Kc4 42. Bd4 Kb3 43. Bc5 Kc4 44. Bd4 Kb5 45. Kd3 Kc6 46. Be5 Kc5 47. Kc3 Kb5 48. h4 f5 49. Kd4 Kc6 50. h5 Bd7 51. h6 Be6 52. Kc3 Kb5 53. Kd4 Kc6 54. Bf6 Kxc7 55. Ke5 Kd7 56. Bg7 Ke7 57. Bf6+ Kf7 58.
Bd8 d4 59. Kxd4 Kg6 60. Ke5 Bb3 61. Bg5 Bc2 62. Kd4 Kh5 63. Ke5 Kg6 64. Bh4 Bb1 65.
Bg5 Bc2 1/2-1/2

[Event "*** SCC Grand Prix: Titled Tuesday Blitz"]
[Site "Chess.com"]
[Date "2020.09.29"]
[Round "6"]
[White "novocane"]
[Black "annacramling"]
[Result "0-1"]
[WhiteElo "2287"]
[BlackElo "2046"]
[TimeControl "180+1"]
[EndTime "11:06:54 PDT"]
[Termination "annacramling won by resignation"]

1. d4 Nf6 2. c4 e6 3. Nc3 Bb4 4. e3 O-O 5. Ne2 b6 6. a3 Be7 7. e4 Bb7 8. Ng3 d6 9. Bd3 Nc6 10. Be3 e5 11. d5 Nb8 12. O-O g6 13. Bh6 Re8 14. b4 Nbd7 15. f3 Nh5 16. Nxh5 gxh5 17. f4 Nf6 18. fxe5 dxe5 19. Rxf6 Bxf6 20. Qxh5 Bc8 21. Rf1 Qe7 22. Kh1 Bg7 23. Bxg7 Kxg7 24. c5 bxc5 25. bxc5 Rb8 26. d6 cxd6 27. Nd5 Qe6 28.
c6 Rf8 29. h3 Qg6 30. Qf3 Be6 31. c7 Rbc8 32. Ne7 Qg5 33. Nxc8 Rxc8 34. Qf2 Rxc7 35. Bb1 Rc1 36. Kh2 Rxf1 37. Qxf1 Qf4+ 38. Qxf4 exf4 39. Kg1 Kf6 40. Kf2 Ke5 41. Kf3 Bc4 42. h4 h6 43.
Kg4 Bf1 44. Kf3 Bc4 45. Kf2 h5 46. Kf3 f6 47. Kf2 Bf7 48. Kf3 a5 49. Bc2 Bc4 50. Bb1 Kd4 51. Kxf4 Kc3 52. Kf5 Kb2 53. Kxf6 Kxb1 54.
Ke7 Ka2 55. Kxd6 Kxa3 56. Kc5 Kb3 57. e5 a4 58. g4 hxg4 59. h5 g3 60. e6 Bxe6 0-1

[Event "*** SCC Grand Prix: Titled Tuesday Blitz"]
[Site "Chess.com"]
[Date "2020.09.29"]
[Round "6"]
[White "Grandmaster2B"]
[Black "IngOscarArdila"]
[Result "1-0"]
[WhiteElo "2390"]
[BlackElo "2157"]
[TimeControl "180+1"]
[EndTime "11:06:54 PDT"]
[Termination "Grandmaster2B won by resignation"]

1. e4 e5 2. Nf3 Nf6 3. Nxe5 d6 4. Nd3 Nxe4 5. Qe2 Qe7 6. Nf4 Nf6 7. d4 Qxe2+ 8. Bxe2 Be7 9. O-O O-O 10. c3 Bf5 11. Nd2 Nbd7 12. Nc4 Rfe8 13. Ne3 Bg6 14. Nxg6 hxg6 15.
Bf3 c6 16. Re1 d5 17. Bd2 Bd6 18. Nf1 b5 19. a4 a6 20. Be3 Kf8 21. Nd2 Nb6 22.
a5 Nc4 23. Nxc4 bxc4 24. b3 cxb3 25. Reb1 Rab8 26. Rb2 Ne4 27. Bxe4 Rxe4 28. Rab1 Rb5 29. Rxb3 Rxa5 30. Rb6 Rb5 31. R1xb5 axb5 32. Rxc6 Re6 33.
Kf1 f5 34. Rb6 Kf7 35. Rxb5 Bxh2 36. Rxd5 Bd6 37. c4 Bb4 38. Rb5 Bc3 39. Rb3 Ba5 40. d5 Re4 41. c5 f4 42. Ke2 fxe3 43. fxe3 Rc4 44. Rb5 Bb4 45. c6 Bd6 46. Rb7+ Kf6 47. Rd7 Ke5 48. Rxg7 Rg4 49. c7 Rc4 50. Rxg6 Rxc7 51.
e4 Rc2+ 52. Kd3 Ra2 53. Re6+ Kf4 54. Rxd6 Rxg2 55. Rf6+ Ke5 56. Rf5+ Kd6 57. Kd4 Rd2+ 58. Ke3 Ra2 59. Kf4 Rf2+ 60. Ke3 Ra2 61. Rf6+ Ke7 62. e5 Ra4 63. Rf4 Ra3+ 64. Ke4 Ra4+ 65. Kf5 Ra5 66. d6+ Kd7 67. Rc4 Ra1 68. Rc7+ Kd8 69. e6 Rf1+ 70. Ke5 Re1+ 71. Kd5 Rd1+ 72. Kc6 Rc1+ 73.
Kb6 Rb1+ 74. Ka5 Ra1+ 75. Kb4 Rb1+ 76. Ka3 Rb6 77. e7+ Ke8 78. Rc8+ Kd7 79. e8=Q+ Kxd6 80. Qd8+ 1-0

[Event "*** SCC Grand Prix: Titled Tuesday Blitz"]
[Site "Chess.com"]
[Date "2020.09.29"]
[Round "6"]
[White "CrazyMartian"]
[Black "Chamal_Gedgafov"]
[Result "1-0"]
[WhiteElo "2326"]
[BlackElo "2145"]
[TimeControl "180+1"]
[EndTime "11:06:56 PDT"]
[Termination "CrazyMartian won by resignation"]

1. d4 Nf6 2. Bf4 e6 3. e3 d5 4. Nd2 c5 5. c3 Nc6 6. Ngf3 Qb6 7.
Qb3 c4 8. Qc2 Qd8 9. e4 Bd7 10.
e5 Nh5 11. Be3 g6 12. b3 b5 13. Be2 Be7 14. h4 f5 15. exf6 Bxf6 16. g4 Ng7 17. h5 Kf7 18. h6 Ne8 19. Bf4 Qe7 20. g5 Rf8 21. gxf6 Qxf6 22. Ne5+ Nxe5 23. Bxe5 Qe7 24. f4 Kg8 25. Nf3 Nd6 26. Bxd6 Qxd6 27. Ne5 Rxf4 28. Nxg6 Re4 29. Ne5 Be8 30. Rg1+ Kh8 31. O-O-O a5 32.
Bf3 Rxe5 33. dxe5 Qxe5 34. Qd2 cxb3 35. axb3 Rc8 36. Kb2 b4 37. Rc1 Bg6 38. Rgd1 Qc7 39. cxb4 Qe5+ 40. Qd4 Qxd4+ 41. Rxd4 Rxc1 42. Kxc1 axb4 43. Rxb4 Kg8 44. Rb8+ Kf7 45. Bxd5 Kf6 46. Bc4 Ke5 47. Rb6 Kd4 48. Bxe6 Kc3 49. Bf5 Bxf5 50. Rb7 Be4 51. Rg7 Kb4 52. Kd2 Bf5 53. Ke3 Kxb3 54. Kf4 Bc2 55. Ke5 Ka4 56. Rd7 Kb5 57. Rd6 Kc5 58. Rd2 Bg6 59. Kf6 Kc6 60. Kg7 Bf5 61. Rf2 Be4 62. Rd2 Kc5 63. Kh8 Kc6 64. Rd1 Kc7 65. Rd4 Bf5 66. Rf4 Bg6 67. Rf6 Be4 68. Rf7+ Kd6 69.
Rxh7 Ke6 70. Rg7 1-0

[Event "*** SCC Grand Prix: Titled Tuesday Blitz"]
[Site "Chess.com"]
[Date "2020.09.29"]
[Round "6"]
[White "Kira170"]
[Black "GameOverBro"]
[Result "1-0"]
[WhiteElo "2791"]
[BlackElo "2557"]
[TimeControl "180+1"]
[EndTime "11:07:00 PDT"]
[Termination "Kira170 won by checkmate"]

1. d4 d6 2. Nc3 Nf6 3. e4 e5 4. Nf3 Nbd7 5. Bc4 Be7 6. O-O c6 7. a4 h6 8. Re1 Qc7 9. a5 Nf8 10. Bf1 Ng6 11. a6 b5 12. b4 Rb8 13. d5 Bd7 14. Bb2 O-O 15. Ra5 c5 16. Nxb5 Bxb5 17. Rxb5 cxb4 18. Nd2 Rxb5 19. Bxb5 Qa5 20. Bf1 Rb8 21.
Nc4 Qc7 22. g3 Nd7 23. h4 Nc5 24. h5 Nf8 25. f4 Na4 26. Ba1 Nc3 27. Bxc3 bxc3 28.
fxe5 dxe5 29. Kg2 Bg5 30. Bd3 Qc5 31. Nxe5 Re8 32. Nc4 Nd7 33. Qf3 f6 34. e5 Nxe5 35. Nxe5 Rxe5 36. Rxe5 fxe5 37. Bg6 Bf6 38. Be4 Qc4 39.
Qf5 Qxa6 40. Bd3 Qd6 41. Qc8+ Bd8 42. Be4 a5 43. Qxc3 a4 44. Kh2 a3 45. Qb3 Kf7 46. Kg2 Ke7 47. Bf3 Bb6 48. Qa4 Qc5 49. Kh3 Kd6 50.
Qg4 Qc7 51. Qe6+ Kc5 52. Qg8 Kd4 53. Qh7 Kc3 54. Qd3+ Kb2 55. Qb3+ Kc1 56. Qxa3+ Kd2 57. Be4 Bd4 58. Qd3+ Kc1 59. c4 Qc8+ 60. g4 Qd8 61. Qc2# 1-0

[Event "*** SCC Grand Prix: Titled Tuesday Blitz"]
[Site "Chess.com"]
[Date "2020.09.29"]
[Round "6"]
[White "vaishali2001"]
[Black "ajdemipopushi"]
[Result "0-1"]
[WhiteElo "2477"]
[BlackElo "2347"]
[TimeControl "180+1"]
[EndTime "11:07:00 PDT"]
[Termination "ajdemipopushi won by resignation"]

1. e4 c5 2. Nc3 g6 3. g3 Bg7 4.
Bg2 Nc6 5. d3 d6 6. Be3 Rb8 7.
Qd2 b5 8. Nge2 Nd4 9. O-O e6 10. Nd1 Nxe2+ 11. Qxe2 Ne7 12. f4 O-O 13. Rb1 b4 14.
Nf2 a5 15. g4 f5 16. gxf5 exf5 17. Nh1 Re8 18. Ng3 Qd7 19. Qf2 Bb7 20. b3 Nc6 21. Kh1 Nd4 22. Rbe1 fxe4 23. dxe4 Rf8 24.
Qd2 Rbe8 25. f5 gxf5 26. Bxd4 Bxd4 27. Nxf5 Be5 28. Re3 Kh8 29. Rh3 Re7 30. Qh6 Ref7 31. Qh5 Rf6 32. Re3 Rg8 33. Rf2 Rfg6 34. Ree2 Qd8 35.
Qh4 Qxh4 36. Nxh4 Rg4 37. Nf5 Rf4 38. Rxf4 Bxf4 39. Kg1 Be5 40. Kf2 Rg6 41. Bf3 Rf6 42.
Rd2 Kg8 43. Rd1 Kf7 44. Ke3 Ke6 45. Bg4 Kf7 46. Bh5+ Kf8 47. Rf1 h6 48. Be2 Ke8 49. h4 Kd8 50. h5 Kc7 51. Kd2 d5 52. exd5 Bxd5 53. Bd3 Be6 54. Ne3 Rxf1 55. Bxf1 Bf4 56.
Kd3 Bxe3 57. Kxe3 Bg4 58. Be2 Bf5 59. Bd3 Bh3 60. Kf4 Kd6 61. Kg3 Be6 62. Kf4 a4 63.
Be4 a3 64. Bd3 Bd5 65. Kf5 Bf7 66. Be2 Be8 67. Kf6 Kd5 68. Kg7 Kd4 69. Kxh6 Kc3 70. Kg7 Bxh5 71. Bxh5 Kb2 72. Kf6 Kxa2 73. Ke5 Kb2 74.
Kd5 a2 0-1

[Event "*** SCC Grand Prix: Titled Tuesday Blitz"]
[Site "Chess.com"]
[Date "2020.09.29"]
[Round "6"]
[White "Sergey85Rodchenkov"]
[Black "theblitzchamp"]
[Result "1/2-1/2"]
[WhiteElo "2461"]
[BlackElo "2623"]
[TimeControl "180+1"]
[EndTime "11:07:02 PDT"]
[Termination "Game drawn - insufficient material"]

1. e4 c6 2. d4 d5 3. exd5 cxd5 4.
c4 Nf6 5. Nc3 e6 6. Nf3 Bb4 7.
Bg5 O-O 8. Rc1 Nc6 9. Bd3 dxc4 10. Bxc4 h6 11. Bh4 Be7 12. O-O Bd7 13. a3 Rc8 14. Qd3 a6 15. Ba2 Re8 16. Bb1 g6 17.
Rfe1 Bf8 18. Ba2 Bg7 19. d5 exd5 20. Nxd5 Bf5 21. Nxf6+ Qxf6 22. Bxf6 Bxd3 23. Bxg7 Kxg7 24. h4 Bf5 25. Bd5 Rxe1+ 26. Rxe1 Rd8 27. Bxc6 bxc6 28. Rc1 Be4 29. Ne5 Re8 30. Nc4 Bd5 31. Ne3 Be4 32. b4 f5 33. Nc4 Bd5 34. Na5 Re4 35. f3 Re6 36. Kf2 g5 37. hxg5 hxg5 38. Nb7 Re7 39. Nc5 Ra7 40. Nd3 a5 41. Ke3 axb4 42. axb4 Ra3 43.
Kd4 Kf6 44. Rh1 Ra2 45. Rh6+ Kg7 46. Rh2 Bxf3 47. Ne5 Bd5 48. b5 Ra4+ 49. Kc5 Re4 50. Nxc6 Bf7 51. Nd4 Re5+ 52. Kc6 Rd5 53. Nf3 g4 54. Ng5 Rd2 55. Rh7+ Kg6 56. Rxf7 Kxg5 57. g3 Rd3 58. b6 Rxg3 59. b7 Rb3 60. Rf8 g3 61. b8=Q Rxb8 62. Rxb8 Kf4 63. Kd5 Ke3 64.
Ke5 g2 65. Rg8 f4 66. Rxg2 f3 67. Ra2 f2 68. Ra3+ Ke2 69. Ra2+ Kf3 70. Rxf2+ Kxf2 1/2-1/2

[Event "*** SCC Grand Prix: Titled Tuesday Blitz"]
[Site "Chess.com"]
[Date "2020.09.29"]
[Round "6"]
[White "MariaFominykh"]
[Black "AntonovaNadezhda"]
[Result "1-0"]
[WhiteElo "2310"]
[BlackElo "2052"]
[TimeControl "180+1"]
[EndTime "11:07:04 PDT"]
[Termination "MariaFominykh won on time"]

1. Nf3 Nf6 2. g3 g6 3. Bg2 Bg7 4. O-O O-O 5. d3 d6 6. e4 c5 7. h3 Nc6 8. Nbd2 Rb8 9. a4 a6 10. c3 b5 11. Qc2 Qc7 12. Re1 Nd7 13.
Nf1 b4 14. Ne3 e6 15. Ng4 Re8 16. Nh6+ Kf8 17. Ng4 Kg8 18. d4 Na5 19. cxb4 Rxb4 20. Bd2 Rxd4 21. Nxd4 Bxd4 22. Bc3 Nc6 23. Rad1 Qb6 24.
Qd2 Nde5 25. Nf6+ Kf8 26. Qh6+ Ke7 27. Nxe8 Kxe8 28. Qxh7 Qb3 29. Qg8+ Kd7 30. Kh1 Bxf2 31. Rf1 Bd4 32. Rxf7+ Nxf7 33. Qxf7+ Kd8 34. Qf8+ Kc7 35. Qf7+ Kb6 36. Qf1 Qxa4 37. e5 dxe5 38. Qf3 Bb7 39. Qe2 Qb5 40. Qc2 Qc4 41. Qd2 a5 42. Rc1 Qa4 43.
b3 Qb5 44. Qc2 Bxc3 45. Qxc3 Nd4 46. Bxb7 Kxb7 47. Qe3 Qc6+ 48. Kh2 Qd5 49. Rf1 Qxb3 50. Qxe5 Qd5 51. Qxd5+ exd5 52. Rb1+ Kc6 53. h4 a4 54.
g4 a3 55. Ra1 Nb5 56. h5 gxh5 57. gxh5 d4 58. h6 d3 59. h7 d2 60. h8=Q c4 61.
Qf6+ Kc5 62. Qg5+ Kb4 63. Qxd2+ Ka4 64. Qc2+ Kb4 65. Rb1+ Kc5 66. Rc1 Nd6 67. Qc3 1-0